 Dungeon Crawl Stone Soup version 0.30.0-19-g36f170ea60 (webtiles) character file.

Game seed: 17625446181024662685

117432 olmar the Peltast (level 17, 0/139 HPs)
             Began as a Formicid Fighter on May 28, 2023.
             Was an Initiate of Gozag.
             Slain by a spriggan berserker
             ... wielding a +2 antimagic hand axe
              (34 damage)
             ... on level 1 of the Elven Halls.
             The game lasted 00:36:16 (25022 turns).

olmar the Peltast (Formicid Fighter)               Turns: 25022, Time: 00:36:17

Health: 0/139      AC: 29    Str: 33    XL:     17   Next: 29%
Magic:  0/17       EV: 11    Int:  8    God:    Gozag
Gold:   802        SH: 21    Dex: 10    Spells: 16/16 levels left

rFire   + . .        e - +10 hammer of Ythu {vamp, Dex-5 SInv Stlth+}
rCold   + + +        i - +2 kite shield {rC+}
rNeg    + + .        q - +8 chain mail "Degguvv Soith" {Rampage rC+ rN++ Will+}
rPois   +            (helmet unavailable)
rElec   +            b - +2 cloak {rCorr}
rCorr   +            r - +0 pair of gloves
SInv    +            f - +1 pair of boots "Feetsiuz" {rC++ Str+4 Dex+2}
Will    +++..        s - amulet of reflection
Stlth   +            p - ring of willpower
HPRegen 0.43/turn    H - +4 ring of slaying
MPRegen 0.15/turn

%: reflection, rampage
@: mighty, resistant
A: permanent stasis, dig shafts and tunnels, antennae 3, four strong arms
a: Dig, Shaft Self, Renounce Religion, Potion Petition, Call Merchant, Bribe
Branch


You were on level 1 of the Elven Halls.
You worshipped Gozag.
Gozag was pleased with you.
You visited 6 branches of the dungeon, and saw 25 of its levels.
You also visited: Volcano.

You collected 7996 gold pieces.
You spent 3307 gold pieces at shops.
You paid 3887 gold pieces to Gozag.

Inventory:

Hand Weapons
 e - the +10 hammer of Ythu (weapon) {vamp, Dex-5 SInv Stlth+}
   (You found it on level 2 of the Dungeon)

   Dex:       It affects your dexterity (-5).
   SInv:      It lets you see invisible.
   Stlth:     It makes you more stealthy.
 I - a +4 flail of holy wrath
 X - the +9 quarterstaff "Xegeq Muloso" {heavy, Int+4 Dex+3}
   (You bought it in a shop on level 12 of the Dungeon)

   Int:       It affects your intelligence (+4).
   Dex:       It affects your dexterity (+3).
Missiles
 g - 36 poisoned darts
 S - 2 throwing nets
Armour
 b - a +2 cloak of preservation (worn)
 f - the +1 pair of boots "Feetsiuz" (worn) {rC++ Str+4 Dex+2}
   (You bought it in a shop on level 1 of the Orcish Mines)

   Str:       It affects your strength (+4).
   Dex:       It affects your dexterity (+2).
   rC:        It greatly protects you from cold.
 i - a +2 kite shield of cold resistance (worn)
 k - the +7 chain mail of Meotsid {Will+ rCorr Str+4 Int-3 Dex+2}
   (You bought it in a shop on level 1 of the Elven Halls)

   Str:       It affects your strength (+4).
   Int:       It affects your intelligence (-3).
   Dex:       It affects your dexterity (+2).
   rCorr:     It protects you from acid and corrosion.
   Will:      It increases your willpower.
 l - a scarf of resistance
 q - the +8 chain mail "Degguvv Soith" (worn) {Rampage rC+ rN++ Will+}
   (You found it on level 15 of the Dungeon)

   rC:        It protects you from cold.
   rN:        It greatly protects you from negative energy.
   Rampage:   It bestows one free step when moving towards enemies.
   Will:      It increases your willpower.
 r - a +0 pair of gloves (worn)
 V - a +2 plate armour of fire resistance
Jewellery
 c - a ring of protection from fire
 p - a ring of willpower (left hand)
 s - an amulet of reflection (around neck)
 t - a +4 ring of slaying
 y - an amulet of regeneration
 C - a ring of protection from fire
 H - a +4 ring of slaying (right hand)
Wands
 o - a wand of mindburst (3)
 w - a wand of polymorph (6)
 B - a wand of acid (28)
 K - a wand of flame (14) (quivered)
 L - a wand of digging (1)
 Q - a wand of roots (11)
 T - a wand of charming (3)
Scrolls
 h - 5 scrolls of magic mapping
 j - 4 scrolls of amnesia
 n - 4 scrolls of enchant weapon
 u - 8 scrolls of identify
 x - 2 scrolls of silence
 J - 2 scrolls of immolation
 N - 2 scrolls of brand weapon
 O - a scroll of summoning
 P - a scroll of enchant armour {unknown}
 Z - a scroll of fog
Potions
 m - 4 potions of attraction
 v - 9 potions of haste
 z - 8 potions of curing
 A - 7 potions of mutation
 D - 5 potions of flight
 E - 2 potions of ambrosia
 F - a potion of resistance
 G - 4 potions of might
 M - 7 potions of lignification
 W - 3 potions of cancellation
Miscellaneous
 a - a phantom mirror (inert)
 d - a box of beasts
 R - a tin of tremorstones (1/2)


   Skills:
 + Level 14.3 Fighting
 + Level 15.2(15.4) Maces & Flails
 - Level 3.8(10.6) Staves
 + Level 15.3 Armour
 + Level 5.5 Dodging
 + Level 5.3 Stealth
 + Level 19.8 Shields
 + Level 4.5 Evocations


You had 16 spell levels left.
You didn't know any spells.
Your spell library contained the following spells:

 Spells                   Type           Power      Damage    Failure   Level
 Kiss of Death            Conj/Necr      0%         2d5       78%         1
 Magic Dart               Conj           0%         1d3       78%         1
 Summon Small Mammal      Summ           0%         N/A       78%         1
 Call Imp                 Summ           0%         N/A       89%         2
 Searing Ray              Conj           0%         2d4       89%         2
 Call Canine Familiar     Summ           0%         N/A       98%         3
 Confusing Touch          Hex            0%         N/A       98%         3
 Dazzling Flash           Conj/Hex       0%         N/A       98%         3
 Mephitic Cloud           Conj/Pois/Air  0%         N/A       98%         3
 Summon Guardian Golem    Hex/Summ       0%         N/A       98%         3
 Tukima's Dance           Hex            0%         N/A       98%         3
 Volatile Blastmotes      Fire/Tloc      0%         2d10      98%         3
 Cause Fear               Hex            0%         N/A       100%        4
 Dispel Undead            Necr           0%         3d6       100%        4
 Fulminant Prism          Conj/Hex       0%         3d5       100%        4
 Iskenderun's Mystic Bla  Conj/Tloc      0%         2d3       100%        4
 Passage of Golubria      Tloc           0%         N/A       100%        4
 Irradiate                Conj/Tmut      0%         3d11      100%        5
 Yara's Violent Unravell  Hex/Tmut       0%         3d3       100%        5
 Starburst                Conj/Fire      0%         6d3       100%        6
 Dragon Form              Tmut           0%         N/A       100%        7
 Spellforged Servitor     Conj/Summ      0%         N/A       100%        7
 Dragon's Call            Summ           0%         N/A       100%        9


Dungeon Overview and Level Annotations

Branches:
Dungeon (15/15)            Temple (1/1) D:4            Lair (5/5) D:8
 Shoals (0/4) Lair:3        Snake (0/4) Lair:2        Slime (0/5) Lair:5
    Orc (2/2) D:10            Elf (1/3) Orc:2        Vaults (0/5) D:14
 Depths (1/4) D:15        Volcano (visited)

Altars:
Ashenzari
Cheibriados
Elyvilon
Gozag
Hepliaklqana
Vehumet
Xom
Yredelemnul
The Shining One
Jiyva
Lugonu

Shops:
D:6 !   D:9 [   D:12 (   D:13 [   Orc:1 [   Orc:2 [[*(*   Elf:1 [*

Portals:
Hell: Depths:1
Abyss: Lair:5

Annotations:
D:5 2 transporters, Edyrem's ghost, novice HOFi
Lair:1 exclusion: oklob plant
Lair:3 3 runed translucent doors, Diggabert's ghost, journeyman VSFi
Orc:2 2 transporters, safid's ghost, journeyman MfIE


Innate Abilities, Weirdness & Mutations

You cannot be hasted, slowed, berserked, paralysed or teleported.
You can dig through walls and to a lower floor.
You have a pair of large antennae on your head. (SInv)
Your four strong arms can wield two-handed weapons with a shield.


Message History

[a] - 336 gold - resistance and might [b] - 264 gold - brilliance and magic [c] - 336 gold - brilliance and resistance Purchase which effect?
You feel protected.
You feel very mighty all of a sudden.
You block the spriggan berserker's attack. x2
Unknown command.
Unknown command.
Unknown command.
You feel much better.
The spriggan berserker hits you with a +2 antimagic war axe.
You block the spriggan berserker's attack. x2
The spriggan berserker hits you with a +2 antimagic hand axe!
* * * LOW HITPOINT WARNING * * *
Unknown command.
Unknown command.
Aiming: Phantom Mirror
Press: ? - help, Dir - move target, f - spriggan berserker
Aim: a spriggan berserker, wielding a +2 antimagic hand axe and wearing a +0 animal skin (berserk, regenerating, strong-willed)
You reflect the spriggan berserker with the mirror!
The mirror clouds!
You block the spriggan berserker's attack.
The elephant closely misses something.
The elephant trunk-slaps something.
The spriggan berserker hits you but does no damage.
The spriggan berserker completely misses something.
The spriggan berserker invokes Trog's protection!
Unknown command.
Unknown command.
You barely miss the spriggan berserker.
The spriggan berserker is severely wounded.
You block the spriggan berserker's attack.
The elephant tramples something!!
Something stumbles backwards!
You block the spriggan berserker's attack.
The spriggan berserker prays to Trog.
The death yak goes berserk!
Are you sure you want to shaft yourself?
You block the spriggan berserker's attack.
The spriggan berserker hits you with a +2 antimagic hand axe!!
You die...
Your body crumbles into a pile of gold.

....'## #+#...### #.# ##.
.....## ##.......# #.# ##
(.....#########........#
#.# ##
......'................#
#.# #.
...(..##...............#
#.#####
.....###.###○#...#○###.#
#...... ....## #.#
####'#### #.# #..#.##
...+# #.# #...# #.##
#....#. ### #.# #.$@#{
#..###..###.
#.#.....#iii..#.#'##+.#...
..###♣#.#i#♣###.##....#.#.
#.#(###...#.....#...
#..Y##..##....#.'...
+...#....+......#...
#...##..##......#.#.
...###.........#...
####.#....###.


You could see a death yak (summoned, berserk), 3 spriggan berserkers, a +2 heavy
mace and a friendly spriggan berserker (summoned, berserk, regenerating,
strong-willed, drained).

Vanquished Creatures
  Jorgrun (D:15)
  Rupert (D:13)
  A deep elf annihilator (Elf:1)
  An ettin (Orc:2)
  Snorg (Lair:3)
  A jiangshi (Depths:1)
  2 fire dragons (Depths:1)
  An entropy weaver (shapeshifter) (D:15)
  A spriggan zombie (D:15)
  Erolcha (D:9)
  A rakshasa (D:14)
  An ogre mage (D:14)
  A catoblepas (Lair:5)
  4 hydras
  An anaconda (shapeshifter) (Elf:1)
  5 two-headed ogres
  6 centaur warriors
  3 boulder beetles
  7 death yaks
  A dancing weapon (Orc:2)
  A tengu warrior (D:15)
  3 thrashing horrors (Lair:5)
  2 spriggan berserkers (Elf:1)
  A vampire mage (Depths:1)
  3 deep troll earth magi (Depths:1)
  A deep elf knight (Elf:1)
  2 skysharks (Lair:5)
  An iron troll (Depths:1)
  7 skeletal warriors
  A flayed ghost (D:15)
  2 anaconda skeletons (Volcano)
  A lindwurm (Lair:5)
  2 deep elf archers (Elf:1)
  11 orc knights
  2 phantasmal warriors (D:15)
  3 deep elf zephyrmancers (Elf:1)
  A necromancer (D:15)
  9 deep elf pyromancers
  A sphinx zombie (D:15)
  21 ugly things
  2 orc sorcerers (Orc:2)
  A frost giant zombie (D:15)
  7 cyclopes
  A large abomination (Lair:5)
  A salamander (Lair:2)
  A manticore (D:15)
  12 elephants
  A guardian serpent (D:15)
  Joseph (D:9)
  7 black mambas
  2 smoke demons (Lair:5)
  A torpor snail (Lair:1)
  8 gargoyles
  3 cane toads
  A guardian serpent (shapeshifter) (D:14)
  An unseen horror (D:12)
  Psyche (D:9)
  4 ancient zymes (Lair:5)
  5 komodo dragons
  5 trolls
  2 polar bears (Lair:5)
  A hornet (D:9)
  4 dream sheep (Lair:1)
  29 blink frogs
  2 flying skulls (Volcano)
  13 slime creatures
  A water elemental (Elf:1)
  A spriggan (Lair:5)
  2 vampires
  A shadow (D:12)
  3 wyverns
  3 wraiths
  3 alligator skeletons (Volcano)
  3 ynoxinuls (Lair:5)
  A chaos spawn (Lair:5)
  50 yaks
  4 basilisks (Lair:5)
  A fire elemental (Elf:1)
  A human (shapeshifter) (Elf:1)
  A steam dragon (D:8)
  8 vampire mosquitoes (D:12)
  5 wargs (Orc:2)
  Edmund (D:6)
  An acid dragon (D:10)
  A glowing shapeshifter skeleton (D:15)
  10 water moccasins
  A sky beast (D:7)
  37 orc warriors
  An ice beast (D:6)
  4 black bears
  13 wolves
  8 centaurs
  4 ogres
  3 kobold brigands (D:10)
  10 bullfrogs
  5 scorpions
  A gnoll sergeant (D:9)
  3 earth elementals (Elf:1)
  8 wights
  A troll skeleton (Volcano)
  5 howler monkeys
  2 spriggan skeletons (Volcano)
  8 electric eels (D:10)
  3 lava snakes (Lair:2)
  3 gnoll boudas
  3 hounds
  2 jellies (D:7)
  8 orc priests
  2 iguanas
  9 orc wizards
  14 small abominations (Lair:5)
  3 naga skeletons (Volcano)
  6 adders
  24 gnolls
  A shadow imp (D:4)
  2 white imps
  4 ufetubi
  2 worms (D:2)
  3 dart slugs
  62 orcs
  6 ball pythons
  6 bats
  5 endoplasms
  2 giant cockroaches (D:4)
  10 goblins
  9 hobgoblins
  3 jackals
  28 kobolds
  2 quokkas
  6 frilled lizards
  11 rats
686 creatures vanquished.

Vanquished Creatures (collateral kills)
  A tengu reaver (Depths:1)
  2 jiangshi (Depths:1)
  An iron troll (Depths:1)
  An ugly thing (Depths:1)
5 creatures vanquished.

Vanquished Creatures (others)
  A catoblepas (Lair:5)
  A deep elf pyromancer (Orc:2)
2 creatures vanquished.

Grand Total: 693 creatures vanquished

Notes
Turn   | Place    | Note
-------+----------+-------------------------------------------
     0 | D:1      | olmar the Formicid Fighter began the quest for the Orb.
     0 | D:1      | Reached XP level 1. HP: 18/18 MP: 1/1
    58 | D:1      | Reached XP level 2. HP: 18/24 MP: 2/2
    87 | D:1      | Noticed a golden eye
    93 | D:1      | Found a faded altar of an unknown god.
    95 | D:1      | Noticed a great orb of eyes
   104 | D:1      | Noticed a shining eye
   223 | D:1      | Noticed a shining eye
   261 | D:1      | Reached XP level 3. HP: 29/29 MP: 3/3
   712 | D:2      | Identified the +10 hammer of Ythu {vamp, Dex-5 SInv Stlth+}
   861 | D:2      | Reached XP level 4. HP: 34/37 MP: 4/4
  1810 | D:3      | Reached XP level 5. HP: 42/42 MP: 5/5
  2184 | D:4      | Reached XP level 6. HP: 41/49 MP: 6/6
  2214 | D:4      | Found a staircase to the Ecumenical Temple.
  2235 | Temple   | Entered the Ecumenical Temple
  2270 | Temple   | Became a worshipper of Gozag Ym Sagoz the Greedy
  2468 | D:4      | Identified the +0 hat of the Fisher {Dex+5}
  2745 | D:5      | Entered Level 5 of the Dungeon
  2777 | D:5      | Found a transporter.
  2783 | D:5      | Found a transporter.
  2785 | D:5      | Noticed an ogre
  2806 | D:5      | Killed an ogre
  2807 | D:5      | Reached skill level 5 in Shields
  2861 | D:5      | Noticed Edyrem's ghost (novice HOFi)
  2863 | D:5      | Noticed a shadow
  2869 | D:5      | Identified the +0 scale mail "Buh Hose" {rF+ Str+4}
  2912 | D:5      | Reached skill level 1 in Dodging
  2912 | D:5      | Reached XP level 7. HP: 55/55 MP: 7/7
  3010 | D:5      | Reached skill level 5 in Fighting
  3124 | D:5      | Noticed a wyvern
  3129 | D:5      | Killed a wyvern
  3130 | D:5      | Reached skill level 5 in Maces & Flails
  3130 | D:5      | Reached skill level 5 in Armour
  3288 | D:5      | Reached skill level 6 in Shields
  3288 | D:5      | Reached XP level 8. HP: 61/62 MP: 8/8
  3544 | D:6      | Found a shimmering altar of Xom.
  3613 | D:6      | Reached skill level 1 in Stealth
  3823 | D:6      | Found Plog's Distillery.
  3831 | D:6      | Bought a potion of flight for 42 gold pieces
  3831 | D:6      | Bought a potion of ambrosia for 112 gold pieces
  3831 | D:6      | Bought a potion of heal wounds for 70 gold pieces
  3831 | D:6      | Bought a potion of heal wounds for 70 gold pieces
  3831 | D:6      | Bought a potion of resistance for 140 gold pieces
  3831 | D:6      | Bought a potion of might for 56 gold pieces
  3874 | D:6      | Reached skill level 7 in Shields
  3877 | D:6      | Reached XP level 9. HP: 69/69 MP: 9/9
  4144 | D:6      | Noticed Edmund
  4166 | D:6      | Killed Edmund
  4400 | D:7      | Reached skill level 8 in Shields
  4499 | D:7      | Reached XP level 10. HP: 77/77 MP: 10/10
  4959 | D:8      | Found a glowing golden altar of the Shining One.
  5124 | D:8      | Reached skill level 9 in Shields
  5321 | D:8      | Found a staircase to the Lair.
  5331 | Lair:1   | Entered Level 1 of the Lair of Beasts
  5472 | Lair:1   | Noticed an oklob plant
  5678 | Lair:1   | Noticed a black mamba
  5691 | Lair:1   | Killed a black mamba
  5747 | Lair:1   | Found a white marble altar of Elyvilon.
  5813 | Lair:1   | Reached skill level 10 in Shields
  5825 | Lair:1   | Reached XP level 11. HP: 36/85 MP: 11/11
  5841 | Lair:1   | Reached skill level 10 in Maces & Flails
  6099 | Lair:1   | Noticed an elephant
  6099 | Lair:1   | Noticed an elephant
  6115 | Lair:1   | Noticed an elephant
  6117 | Lair:1   | Killed an elephant
  6125 | Lair:1   | Noticed an elephant
  6131 | Lair:1   | Killed an elephant
  6148 | Lair:1   | Killed an elephant
  6155 | Lair:1   | Killed an elephant
  6219 | Lair:1   | Noticed a boulder beetle
  6246 | Lair:1   | Killed a boulder beetle
  6247 | Lair:1   | Reached skill level 11 in Shields
  6339 | Lair:1   | Noticed an elephant
  6350 | Lair:1   | Killed an elephant
  6363 | Lair:1   | Reached skill level 1 in Evocations
  6399 | Lair:1   | Reached XP level 12. HP: 94/94 MP: 12/12
  6909 | D:9      | Reached skill level 10 in Armour
  6950 | D:9      | Noticed Psyche
  6962 | D:9      | Killed Psyche
  6980 | D:9      | Noticed Joseph
  7003 | D:9      | Killed Joseph
  7392 | D:9      | Noticed Erolcha
  7415 | D:9      | Killed Erolcha
  7973 | D:9      | Found Guwkabuw's Armour Emporium.
  8357 | D:10     | Entered Level 10 of the Dungeon
  8885 | D:10     | Noticed a two-headed ogre
  9237 | Lair:2   | Reached skill level 12 in Shields
  9802 | Lair:2   | Found a staircase to the Snake Pit.
 10012 | Lair:3   | Found a staircase to the Shoals.
 10083 | Lair:3   | Found a runed translucent gate.
 10084 | Lair:3   | Found a runed translucent gate.
 10084 | Lair:3   | Noticed a nine-headed hydra
 10085 | Lair:3   | Noticed a 13-headed hydra
 10085 | Lair:3   | Noticed Diggabert's ghost (journeyman VSFi)
 10086 | Lair:3   | Found a runed translucent gate.
 10243 | Lair:3   | Found a dark tunnel.
 10250 | Volcano  | Entered a volcano
 10436 | Volcano  | Reached XP level 13. HP: 50/101 MP: 13/13
 10945 | Volcano  | Reached skill level 13 in Shields
 11196 | Lair:3   | Identified the +0 robe of Hospitality {Dex+2}
 11431 | Lair:3   | Reached skill level 10 in Fighting
 11547 | Lair:3   | Noticed Snorg
 11558 | Lair:3   | Killed Snorg
 12618 | Lair:4   | Noticed a seven-headed hydra
 12627 | Lair:4   | Killed a seven-headed hydra
 12628 | Lair:4   | Reached XP level 14. HP: 37/111 MP: 14/14
 12914 | Lair:4   | Reached skill level 14 in Shields
 13147 | Lair:4   | You fall into a shaft and drop 1 floor!
 13147 | Lair:5   | Entered Level 5 of the Lair of Beasts
 13589 | Lair:5   | Found a staircase to the Slime Pits.
 13590 | Lair:5   | Found a viscous altar of Jiyva.
 14581 | Lair:5   | Reached skill level 15 in Shields
 15152 | Lair:5   | Found a corrupted altar of Lugonu.
 15152 | Lair:5   | Found a one-way gate to the infinite horrors of the Abyss.
 15648 | Lair:5   | Identified the +2 robe "Jimoix" {rF+++ Str-5 SInv Archmagi}
 15696 | Lair:5   | Reached XP level 15. HP: 109/120 MP: 15/15
 16404 | D:10     | You fall into a shaft and drop 2 floors!
 17033 | D:12     | Reached skill level 16 in Shields
 17473 | D:12     | Bought a warped quarterstaff for 279 gold pieces
 17473 | D:12     | Identified the +9 quarterstaff "Xegeq Muloso" {heavy, Int+4
                  | Dex+3} (You bought it in a shop on level 12 of the Dungeon)
 17709 | D:13     | Noticed Rupert
 17717 | D:13     | Killed Rupert
 17775 | D:13     | Reached skill level 1 in Staves
 18347 | D:13     | Bought a +2 cloak of preservation for 430 gold pieces
 18465 | D:14     | Found a gate to the Vaults.
 18808 | D:14     | Reached skill level 17 in Shields
 18855 | D:14     | Found a radiant altar of Vehumet.
 19847 | D:11     | Identified the +5 quarterstaff of Waych {holy, Str+2 Int-5
                  | Dex+2 Stlth+}
 20765 | D:10     | Found a staircase to the Orcish Mines.
 20954 | Orc:1    | Entered Level 1 of the Orcish Mines
 21124 | Orc:1    | Bought the +1 pair of boots "Feetsiuz" {rC++ Str+4 Dex+2}
                  | for 932 gold pieces
 21145 | Orc:2    | Entered Level 2 of the Orcish Mines
 21145 | Orc:2    | Found a staircase to the Elven Halls.
 21390 | Orc:2    | Reached skill level 5 in Dodging
 21395 | Orc:2    | Reached XP level 16. HP: 130/130 MP: 16/16
 21501 | Orc:2    | Found Anwixif's Antique Weapon Emporium.
 21501 | Orc:2    | Found Nimo's Assorted Antiques.
 21520 | Orc:2    | Bought a runed kite shield for 270 gold pieces
 21608 | Orc:2    | Noticed safid's ghost (journeyman MfIE)
 21696 | Orc:2    | Found Jafosuar's Armour Emporium.
 21696 | Orc:2    | Found Kitufeo's Assorted Antiques.
 21791 | Orc:2    | Found a transporter.
 21860 | Orc:2    | Found a transporter.
 22036 | Orc:2    | Found Kefuwo Muji's Armour Emporium.
 22157 | Elf:1    | Entered Level 1 of the Elven Halls
 22219 | Elf:1    | Reached skill level 18 in Shields
 22311 | Elf:1    | Found Hisar's Assorted Antiques.
 22311 | Elf:1    | Found Zeyges's Antique Armour Emporium.
 22330 | Elf:1    | Bought a dazzling chain mail for 266 gold pieces
 22330 | Elf:1    | Identified the +7 chain mail of Meotsid {Will+ rCorr Str+4
                  | Int-3 Dex+2} (You bought it in a shop on level 1 of the
                  | Elven Halls)
 22393 | Orc:1    | Bought a scarf of resistance for 640 gold pieces
 22631 | D:15     | Entered Level 15 of the Dungeon
 22657 | D:14     | Reached skill level 5 in Stealth
 22770 | D:15     | Identified the +8 chain mail "Degguvv Soith" {Rampage rC+
                  | rN++ Will+}
 22892 | D:15     | Found a staircase to the Depths.
 23423 | D:15     | Reached skill level 15 in Armour
 23506 | D:15     | Found the +3 pair of seven-league boots {Rampage+∞}
 23663 | D:15     | Noticed Jorgrun
 23675 | D:15     | Killed Jorgrun
 23676 | D:15     | Reached skill level 19 in Shields
 23797 | D:15     | Reached skill level 15 in Maces & Flails
 23872 | Depths:1 | Entered Level 1 of the Depths
 24088 | Depths:1 | Found a gateway to Hell.
 24136 | Depths:1 | Reached XP level 17. HP: 134/139 MP: 17/17
 24176 | Depths:1 | Noticed a tengu reaver
 24177 | Depths:1 | Noticed a juggernaut
 24212 | Depths:1 | Killed a tengu reaver
 24792 | Elf:1    | Got the Verses on the Salvo
 25022 | Elf:1    | Slain by a spriggan berserker

Illustrated notes

Levels and vault maps discovered:
D:1:      dpeg_arrival_lava_temple_mockup, layout_rooms,
          hellmonk_ecumenical_altar_watching_god, minmay_pentomino_z2
D:2:      kennysheep_six_static_rooms, layout_basic, corexii_shack, st_stairs_5,
          minivault_11, uniq_crazy_yiuf_cottage
D:3:      layout_loops_ring
D:4:      layout_rooms, minmay_temple_entry_ruins, minmay_goblin_kobold_house
D:5:      layout_rooms, gammafunk_ghost_arena
D:6:      layout_cave_pools, tgw_xom, serial_shops, shop,
          kennysheep_generic_room_3, uniq_edmund
D:7:      layout_basic
D:8:      corexii_shack_village, layout_basic, mainiacjoe_overflow_tiny_flanked,
          grunt_lair_entry_orc_guard_hut
D:9:      layout_layer_cave, serial_shops, shop, grunt_ministairs_10,
          uniq_joseph, uniq_psyche, uniq_erolcha
D:10:     layout_basic, orc_0_dummy, mrwooster_statue_mirror,
          small_statue_alley_a, serial_bayou_pond_b, minmay_misc_feat_plants
D:11:     layout_stronghold
D:12:     layout_stronghold, kennysheep_crisscross, kennysheep_generic_room_7
D:13:     layout_roguey, uniq_rupert
D:14:     layout_gridville, david_vaults_2, dk_noncrumbling_4,
          nicolae_vehumet_radiance
D:15:     gammafunk_depths_entry_grave, layout_rooms, roderic_nine_men_s_morris,
          hellmonk_guarded_unrand_seven_league_boots, uniq_jorgrun
Temple:   mainiacjoe_temple_cubbyholes
Lair:1:   layout_loops_ring, lemuel_oklob_altar
Lair:2:   layout_roguey, nicolae_snake_entry_warm_welcome,
          infiniplex_staircase_pool_2, serial_bayou_shore_b
Lair:3:   layout_big_grid, minmay_shoals_entry_centaurs,
          gammafunk_ghost_hydra_chop, enter_volcano_1, uniq_snorg
Lair:4:   regret_index_wax_grids, layout_regular_city,
          nicolae_lair_grazing_beasts [nicolae_sub_lair_graze_edge,
          nicolae_sub_lair_graze_edge, nicolae_sub_lair_graze_edge,
          nicolae_sub_lair_graze_edge], serial_bayou_shore_a
Lair:5:   hellmonk_lair_end_abyssal_woods, layout_layer_cave,
          dpeg_slime_entry_corner, lemuel_fruit_tree
Orc:1:    layout_diamond_mine, basic_altar
Orc:2:    st_orc_town, layout_caves, gammafunk_ghost_smash, serial_shops,
          nicolae_shop_just_a_little_nook
Elf:1:    nicolae_elf_arrival_fired_up, layout_geoelf_diagonals,
          minmay_elf_annihilation, evilmike_spriggan_trog_shrine,
          minmay_shoptagon
Depths:1: kennysheep_big_flooded_room, layout_gridlike, pf_coc_iceberg,
          yredelemnul_altar_generic, dancing_weapons_uskayaw

Skill      XL: |  1  2  3  4  5  6  7  8  9 10 11 12 13 14 15 16 |
---------------+-------------------------------------------------+-----
Fighting       | 4 5 6 7 8 9 10 11 13 14 | 14.3
Maces & Flails | 3 4 5 6 8 9 11 12 13 14 15 | 15.2
Armour         | 4 5 6 8 9 10 12 13 14 15 | 15.3
Shields        | 5 6 7 8 10 11 12 13 15 17 19 | 19.8
Dodging        | 1 2 3 4 5 |  5.5
Stealth        | 1 2 3 4 5 |  5.3
Evocations     | 1 2 3 4 |  4.5
Staves         | 3 |  3.8

Action                     |  1- 3 |  4- 6 |  7- 9 | 10-12 | 13-15 | 16-18 || total
---------------------------+-------+-------+-------+-------+-------+-------++-------
  Melee: Flail             |    93 |       |       |     5 |   127 |     3 ||   228
         Mace              |    10 |   114 |   201 |   498 |   943 |   627 ||  2393
         Quarterstaff      |       |       |       |       |    74 |       ||    74
 Invoke: Potion Petition   |       |       |       |       |     4 |     2 ||     6
         Call Merchant     |       |       |       |       |     3 |       ||     3
Ability: Dig               |       |     1 |     1 |     1 |     4 |       ||     7
         Shaft Self        |       |       |       |       |       |     1 ||     1
  Evoke: Wand              |       |       |       |    23 |    30 |    13 ||    66
         Tin of tremorston |       |       |       |       |       |     2 ||     2
         Phantom mirror    |       |       |       |       |       |     1 ||     1
    Use: Scroll            |     1 |     6 |       |    14 |     3 |     1 ||    25
         Potion            |       |     1 |       |     4 |     4 |     2 ||    11
   Stab: Distracted        |       |       |     2 |     5 |     5 |     4 ||    16
 Armour: Scale mail        |    37 |    47 |    14 |       |       |       ||    98
         Chain mail        |       |       |    68 |   132 |     3 |    92 ||   295
         Plate armour      |       |       |       |       |   409 |    55 ||   464
  Dodge: Dodged            |    47 |    41 |    88 |   141 |   311 |    88 ||   716
  Block: Buckler           |    24 |    47 |   119 |   236 |   630 |    55 ||  1111
         Reflection        |       |       |     3 |    16 |    10 |    25 ||    54
         Kite shield       |       |       |       |       |       |   356 ||   356
